 Dungeon Crawl Stone Soup version 0.23-a0-444-g76343ca (webtiles) character file.

137 sl00ts the Cudgeler (level 5, 0/54 HPs)
             Began as an Ogre Berserker on Nov 17, 2018.
             Was a Believer of Trog.
             Slain by an orc
             ... wielding a +0 dagger
              (3 damage)
             ... on level 3 of the Dungeon.
             The game lasted 00:03:03 (2161 turns).

sl00ts the Cudgeler (Ogre Berserker)                Turns: 2161, Time: 00:03:04

Health: 0/54       AC:  3    Str: 22    XL:     5   Next: 20%
Magic:  5/5        EV: 10    Int:  8    God:    Trog [**....]
Gold:   116        SH:  0    Dex:  8    Spells: 4/4 levels left

rFire    . . .     SeeInvis .   a - +0 mace
rCold    . . .     Gourm    .   (no shield)
rNeg     . . .     Faith    .   b - +0 animal skin
rPois    .         Spirit   .   (helmet restricted)
rElec    .         Reflect  .   (no cloak)
rCorr    .         Harm     .   (gloves unavailable)
MR       .....                  (boots unavailable)
Stlth    +.........             (no amulet)
HPRegen  0.18/turn              (no ring)
MPRegen  0.09/turn              (no ring)

@: berserk cooldown, flying
A: large, unfitting armour, tough skin 1
a: Berserk, Trog's Hand, Renounce Religion


You were on level 3 of the Dungeon.
You worshipped Trog.
Trog was pleased with you.
You were very hungry.

You visited 1 branch of the dungeon, and saw 3 of its levels.

You collected 116 gold pieces.

Inventory:

Hand Weapons
 a - a +0 mace (weapon)
Armour
 b - a +0 animal skin (worn)
Scrolls
 d - 2 scrolls of identify {unknown}
 e - a scroll of enchant armour {unknown}
 h - a scroll of remove curse {unknown}
 i - a scroll of teleportation {unknown}
 j - a scroll of immolation {unknown}
 k - a scroll of random uselessness {unknown}
Comestibles
 c - 3 rations


   Skills:
 - Level 4.0 Fighting
 * Level 5.2 Maces & Flails
 - Level 2.6 Dodging


You had 4 spell levels left.
You didn't know any spells.
Your spell library was empty.

Dungeon Overview and Level Annotations

Branches:
Dungeon (3/15)

Altars:


Innate Abilities, Weirdness & Mutations

You are too large for most types of armour.
You have tough skin. (AC +1)


Message History

You sock the orc!
You kill the orc!
Trog accepts your kill.
You barely miss the orc.
The orc is heavily wounded.
You feel yourself speed up. The orc hits you but does no damage.
The orc hits you with a +0 dagger.
* * * LOW HITPOINT WARNING * * *
You hit the orc.
The orc is almost dead.
The orc closely misses you.
You barely miss the orc.
The orc is almost dead.
The orc hits you with a +0 dagger.
* * * LOW HITPOINT WARNING * * *
The orc closely misses you.
You hit the orc but do no damage.
The orc is almost dead.
The orc hits you with a +0 dagger.
You die...

.......>.......
...............
...............
#.................
#.................
#..?.........$?...
#>................
#)@.?.......
#o#...#... .
###.#.###.###....
#....)).†<.......
#.#.###.†..#.....
#+#.....#### ...
....... .
.........
...........


You could see an orc.

Vanquished Creatures
  8 adders
  2 oozes (D:1)
  A worm (D:2)
  3 leopard geckos
  4 orcs (D:3)
  3 giant cockroaches
  2 hobgoblins
  5 kobolds
  A quokka (D:3)
  A ball python (D:1)
  2 bats (D:1)
  5 frilled lizards
  7 goblins
  7 rats
51 creatures vanquished.

Notes
Turn   | Place    | Note
-------+----------+-------------------------------------------
     0 | D:1      | sl00ts the Ogre Berserker began the quest for the Orb.
     0 | D:1      | Reached XP level 1. HP: 24/24 MP: 1/1
   296 | D:1      | Reached skill level 3 in Maces & Flails
   322 | D:1      | Reached XP level 2. HP: 32/32 MP: 2/2
   477 | D:1      | Reached XP level 3. HP: 31/39 MP: 3/3
   720 | D:2      | Reached skill level 4 in Maces & Flails
   996 | D:2      | Reached ** piety under Trog
   996 | D:2      | Reached XP level 4. HP: 42/48 MP: 4/4
  2052 | D:2      | Reached skill level 5 in Maces & Flails
  2121 | D:3      | Reached XP level 5. HP: 48/54 MP: 5/5
  2161 | D:3      | Slain by an orc

Vault maps used:
D:1:      saegor_arrival_simple_b, serial_bayou_crossing
D:2:      minivault_14
D:3:      overflow_temple_1_default, kennysheep_vampire_church

Skill      XL: |  1  2  3  4 |
---------------+-------------+-----
Maces & Flails | 3 4 5 |  5.2
Fighting       | |  4.0
Dodging        | |  2.6

Action                   |  1- 3 |  4- 6 || total
-------------------------+-------+-------++-------
Melee: Mace              |    76 |    87 ||   163
Invok: Berserk           |     2 |     1 ||     3
  Use: Potion            |       |     3 ||     3
 Stab: Sleeping          |     1 |       ||     1
  Eat: Chunk             |     2 |       ||     2
       Ration            |       |     1 ||     1
Armor: Animal skin       |    15 |    25 ||    40
Dodge: Dodged            |    45 |    69 ||   114

Table legend:
 A = Non-vault XP
 B = Vault XP
 C = Vault XP percentage of total XP
 D = Non-vault monster count
 E = Vault monster count
 F = Vault count percentage of total count
                 A         B        C        D         E       F
            +---------+---------+-------+---------+---------+-------
      Total |     196 |       0 |   0.0 |      51 |       0 |   0.0
            +---------+---------+-------+---------+---------+-------
        D:1 |      39 |       0 |   0.0 |      19 |       0 |   0.0
        D:2 |     125 |       0 |   0.0 |      23 |       0 |   0.0
        D:3 |      32 |       0 |   0.0 |       9 |       0 |   0.0
            +---------+---------+-------+---------+---------+-------
